 Dungeon Crawl Stone Soup version 0.22-a0-480-g991dd4b (webtiles) character file.

7 Gorice the Magician (level 1, -1/13 HPs)
             Began as a Demonspawn Wanderer on June 16, 2018.
             Slain by a kobold
             ... wielding a +0 dagger
              (3 damage)
             ... on level 1 of the Dungeon.
             The game lasted 00:02:39 (458 turns).

Gorice the Magician (Demonspawn Wanderer)            Turns: 458, Time: 00:02:40

Health: -1/13      AC:  2    Str:  8    XL:     1   Next: 91%
Magic:  0/4        EV: 11    Int: 15    God:
Gold:   24         SH:  0    Dex: 14    Spells: 4/6 levels left

rFire    . . .     SeeInvis .   a - +0 dagger
rCold    . . .     Gourm    .   (no shield)
rNeg     . . .     Faith    .   c - +0 robe
rPois    .         Spirit   .   (no helmet)
rElec    .         Reflect  .   (no cloak)
rCorr    .         Harm     .   (no gloves)
MR       .....                  (no boots)
Stlth    +.........             (no amulet)
HPRegen  0.04/turn              (no ring)
MPRegen  0.09/turn              (no ring)

@: very slightly contaminated
A: no striking features
a: no special abilities


You were on level 1 of the Dungeon.
You were not hungry.

You visited 1 branch of the dungeon, and saw 1 of its levels.

You collected 24 gold pieces.

Inventory:

Hand Weapons
 a - a +0 dagger (weapon)
Missiles
 d - 15 sling bullets
 Y - 24 stones (quivered)
Armour
 c - a +0 robe (worn)
Scrolls
 b - a scroll of identify {unknown}
Comestibles
 f - 3 rations
 g - a chunk of flesh


   Skills:
   Level 1.7 Shields
 - Level 3.0 Spellcasting
 * Level 1.6 Conjurations
   Level 2.6 Charms
   Level 2.0 Poison Magic


You had 4 spell levels left.
You knew the following spells:

 Your Spells              Type           Power        Failure   Level  Hunger
a - Magic Dart            Conj           #...         11%         1    #......
b - Summon Small Mammal   Summ           #...         21%         1    #......

Your spell library contained the following spells:

 Spells                   Type           Power        Failure   Level  Hunger
 Conjure Flame            Conj/Fire      #.......     41%         3    ###....
 Slow                     Hex            #.......     30%         2    ##.....
 Mephitic Cloud           Conj/Pois/Air  #.......     36%         3    ###....
 Blink                    Tloc           N/A          30%         2    ##.....
 Call Imp                 Summ           #.......     30%         2    ##.....
 Call Canine Familiar     Summ           #.......     52%         3    ###....


Dungeon Overview and Level Annotations

Branches:
Dungeon (1/15)

Altars:


Message History

Aim: a kobold, wielding a dagger (severely wounded)
The magic dart hits the kobold.
The kobold is severely wounded.
Casting: Magic Dart (safe; 11% risk of failure)
Confirm with . or Enter, or press ? or * to list all spells.
You don't have enough magic to cast that spell.
Unknown command.
The kobold hits you with a dagger.
* * * LOW HITPOINT WARNING * * *
Damage: 5 (max 5)
You hit the kobold but do no damage.
The kobold is severely wounded.
The kobold misses you.
You hit the kobold but do no damage.
The kobold is severely wounded.
The kobold hits you but does no damage.
You hit the kobold but do no damage.
The kobold is severely wounded.
The kobold misses you.
You closely miss the kobold.
The kobold is heavily wounded.
The kobold hits you with a dagger.
* * * LOW HITPOINT WARNING * * *
Damage: 1 (max 5)
The kobold throws a stone.
The stone hits you but does no damage.
You see here 2 stones.
The kobold throws a stone.
The stone hits you but does no damage.
You see here a stone.
Casting: Magic Dart (safe; 11% risk of failure)
Confirm with . or Enter, or press ? or * to list all spells.
Aiming: Magic Dart (safe; 11% risk of failure)
Press: ? - help, Shift-Dir - straight line, f/p - kobold
Aim: a kobold, wielding a dagger (heavily wounded)
You miscast Magic Dart.
You are very lightly contaminated with residual magic.
Nothing appears to happen.
Casting: Magic Dart (safe; 11% risk of failure)
Confirm with . or Enter, or press ? or * to list all spells.
Aiming: Magic Dart (safe; 11% risk of failure)
Press: ? - help, Shift-Dir - straight line, f/p - kobold
Aim: a kobold, wielding a dagger (heavily wounded)
The magic dart hits the kobold.
The kobold is heavily wounded.
You hit the kobold but do no damage.
The kobold is heavily wounded.
The kobold hits you with a dagger.
* * * LOW HITPOINT WARNING * * *
Damage: 4 (max 5)
The kobold hits you with a dagger.
You die...

#.# #.# ≈≈≈≈P≈
#.## ♣≈≈≈≈≈≈
#.#≈♣♣P≈≈≈≈≈.
#.#♣≈P≈......
#............
####.....≈......
#.@.....♣.≈.≈P♣≈
#K###...≈≈≈≈≈r≈≈
#.# #...#♣≈≈≈≈≈≈
#.# #..## ≈≈≈≈≈
#.# #..# ≈P≈P
#.# #..# ≈♣≈ #.#
#..####♣♣ ♣ #.#
#.###...## #.#
#.##.....##


You could see a kobold.

Vanquished Creatures
  A ball python (D:1)
  A hobgoblin (D:1)
  2 bats (D:1)
  2 frilled lizards (D:1)
  2 rats (D:1)
8 creatures vanquished.

Notes
Turn   | Place    | Note
-------+----------+-------------------------------------------
     0 | D:1      | Gorice the Demonspawn Wanderer began the quest for the Orb.
     0 | D:1      | Gorice set off with: a +0 robe, a +0 dagger, a ration
     0 | D:1      | Reached XP level 1. HP: 13/13 MP: 4/4
     2 | D:1      | Learned a level 1 spell: Magic Dart
     4 | D:1      | Learned a level 1 spell: Summon Small Mammal
   135 | D:1      | Reached skill level 1 in Conjurations
   457 | D:1      | HP: 2/13 [kobold/dagger (4)]
   458 | D:1      | Slain by a kobold

Vault maps used:
D:1:      minmay_arrival_radiant_lines, serial_bayou_ford_a

Skill      XL: |  1 |
---------------+----+-----
Conjurations   | 1 |  1.6
Shields        | |  1.7
Spellcasting   | |  3.0
Charms         | |  2.6
Poison Magic   | |  2.0

Action                   || total
-------------------------++-------
Melee: Dagger            ||    16
 Cast: Magic Dart        ||    14
Armor: Robe              ||     5
Dodge: Dodged            ||     8

Table legend:
 A = Spawn XP
 B = Non-spawn XP
 C = Spawn XP percentage of total XP
 D = Spawn monster count
 E = Non-spawn monster count
 F = Spawn count percentage of total count
 G = Total turns spent on level
                    A         B        C        D         E        F      G
               +---------+---------+-------+---------+---------+-------+---------
         Total |       0 |      11 |   0.0 |       0 |       8 |   0.0 |   458
               +---------+---------+-------+---------+---------+-------+---------
           D:1 |       0 |      11 |   0.0 |       0 |       8 |   0.0 |   458
               +---------+---------+-------+---------+---------+-------+---------

Table legend:
 A = Turns spent in this place as a percentage of turns spent in the entire game.
 B = Non-inter-level travel turns spent in this place as a percentage of non-inter-level travel turns spent in the entire game.
 C = Inter-level travel turns spent in this place as a percentage of turns spent in this place.
 D = Turns resting spent in this place as a percentage of non-inter-level travel turns spent in this place.
 E = Turns spent auto-exploring this place as a percentage of non-inter-level travel turns spent in this place.
 F = Non-inter-level travel turns spent in this place divided by the number of levels of this place that you've seen.
                   A       B       C       D       E      F
               +-------+-------+-------+-------+-------+----------------------
         Total | 100.0 | 100.0 |   0.0 |  54.4 |  18.3 | 458.0
       Dungeon | 100.0 | 100.0 |   0.0 |  54.4 |  18.3 | 458.0
               +-------+-------+-------+-------+-------+----------------------

Vault maps used:
D:1:      minmay_arrival_radiant_lines, serial_bayou_ford_a
